 Dungeon Crawl Stone Soup version 0.20-a0-1089-g3fde505 (webtiles) character file.

68 4thArraOfDagon the Skirmisher (level 4, -3/38 HPs)
             Began as a Barachi Monk on May 2, 2017.
             Was a Believer of the Shining One.
             Killed from afar by an orc wizard (7 damage)
             ... with a magic dart
             ... on level 3 of the Dungeon.
             The game lasted 00:04:15 (919 turns).

4thArraOfDagon the Skirmisher (Barachi Monk)         Turns: 919, Time: 00:04:16

Health: -3/38      AC:  2    Str: 17    XL:     4   Next: 19%
Magic:  4/5        EV: 13    Int: 17    God:    the Shining One [**....]
Gold:   152        SH:  0    Dex: 14    Spells: 3/3 levels left

rFire    . . .     SeeInvis .     - Unarmed
rCold    . . .     Gourm    .   (no shield)
rNeg     + . .     Faith    .   a - +0 robe
rPois    +         Spirit   .   (no helmet)
rElec    .         Reflect  .   (no cloak)
rCorr    .         Harm     .   (no gloves)
MR       .....                  (no boots)
Stlth    +.........             j - amulet of rage
Regen    0.2/turn               g - ring of poison resistance
MPRegen  0.1/turn               (no ring)

@: mighty, brilliant, hasted and slowed, glowing, slow
A: +LOS, swims, slowness 1, strong legs 1
a: Hop, Divine Shield, Renounce Religion, Evoke Berserk Rage


You were on level 3 of the Dungeon.
You worshipped the Shining One.
The Shining One was pleased with you.
You were very hungry.

You visited 1 branch of the dungeon, and saw 3 of its levels.

You collected 152 gold pieces.

Inventory:

Armour
 a - a +0 robe (worn)
Jewellery
 g - a ring of poison resistance (left hand)
 j - an amulet of rage (around neck)
Scrolls
 d - 2 scrolls of teleportation {unknown}
 e - a scroll of noise {unknown}
 f - a scroll of remove curse {unknown}
 i - a scroll of fear {unknown}
 n - a scroll of identify {unknown}
Potions
 c - 3 potions of might
 m - a potion of berserk rage {unknown}
 o - a potion of cancellation {unknown}
Comestibles
 b - 2 bread rations
 l - a meat ration


   Skills:
 + Level 4.3 Fighting
 + Level 3.5 Dodging
 - Level 1.7 Stealth
 * Level 4.2 Unarmed Combat
 * Level 1.4 Evocations


You had 3 spell levels left.
You didn't know any spells.

Dungeon Overview and Level Annotations

Branches:
Dungeon (3/15)

Altars:
Nemelex Xobeh
Sif Muna
The Shining One


Innate Abilities, Weirdness & Mutations

Shadows flee at your approach. (+LOS)
You can swim through water.
You cover ground slowly.
You can hop short distances.


Message History

You are exhausted.
You feel yourself slow down.
The orc wizard gestures at you while chanting.
The puff of flame hits you!
* * * LOW HITPOINT WARNING * * *
Unknown command.
It was a potion of might.
You feel very mighty all of a sudden.
The orc wizard gestures at you while chanting.
The puff of frost misses you.
Unknown command.
It was a potion of haste.
You feel yourself speed up. The orc wizard hits you with a dagger.
* * * LOW HITPOINT WARNING * * *
Unknown command.
It was a potion of brilliance.
You feel clever all of a sudden. The orc wizard casts a spell at you.
The magic dart hits you!
You die...

#.# #......#.รท..........
#.# #.##...#.##)....#..#
#..#####.##...............#
#.......##...#.#....(#.#..
##########...#.#(####K.###
###.##<..# #..## #...####.
#.## #.### ... .. #@# ....
#o# .... ... ..... .....
...... ....... #......
.......## ........#
.........# ..#.......#


You could see an orc wizard.

Vanquished Creatures
  3 adders (D:3)
  2 worms (D:2)
  2 dart slugs
  2 orcs (D:3)
  3 ball pythons
  A hobgoblin (D:3)
  A jackal (D:3)
  5 kobolds
  2 quokkas (D:3)
  3 bats
  A frilled lizard (D:3)
  3 goblins (D:2)
  5 rats
33 creatures vanquished.

Notes
Turn   | Place    | Note
-------+----------+-------------------------------------------
     0 | D:1      | 4thArraOfDagon the Barachi Monk began the quest for the Orb.
     0 | D:1      | Reached XP level 1. HP: 18/18 MP: 1/1
    74 | D:1      | Reached XP level 2. HP: 21/25 MP: 2/2
   246 | D:2      | Found a deep blue altar of Sif Muna.
   290 | D:2      | Found a glowing golden altar of the Shining One.
   295 | D:2      | Became a worshipper of the Shining One
   295 | D:2      | Reached * piety under the Shining One
   295 | D:2      | Reached ** piety under the Shining One
   424 | D:2      | Found a sparkling altar of Nemelex Xobeh.
   517 | D:2      | Reached XP level 3. HP: 25/30 MP: 3/3
   837 | D:3      | Reached skill level 1 in Evocations
   910 | D:3      | Reached XP level 4. HP: 35/38 MP: 4/4
   919 | D:3      | Killed from afar by an orc wizard

Vault maps used:
D:1:      dpeg_chamrin_arrival_tetris, st_stairs_11
D:2:      old_standard_altar, lemuel_blue_sif_altar, first_bread,
          kennysheep_flooded_box, tso_metal_star
D:3:      okawaru_altar_gauntlet_db

Skill      XL: |  1  2  3 |
---------------+----------+-----
Fighting       | 4 |  4.3
Unarmed Combat | 4 |  4.2
Evocations     | 1 |  1.4
Dodging        | |  3.5
Stealth        | |  1.7

Action                   |  1- 3 |  4- 6 || total
-------------------------+-------+-------++-------
Melee: Unarmed           |    99 |     2 ||   101
       Punch             |     2 |       ||     2
 Abil: Evoke Berserk Rag |     1 |       ||     1
  Use: Potion            |       |     3 ||     3
 Stab: Sleeping          |     1 |       ||     1
Armor: Robe              |    18 |       ||    18
Dodge: Dodged            |    52 |     2 ||    54
